 Dungeon Crawl Stone Soup version 0.30-a0-374-g95c0257040 (webtiles) character file.

Game seed: 16106079433227104972

1 flotson the Sneak (level 1, -5/18 HPs)
             Began as a Demonspawn Delver on Nov 25, 2022.
             Slain by Blork the orc
             ... wielding a +0 mace
              (10 damage)
             ... on level 5 of the Dungeon.
             The game lasted 00:01:25 (101 turns).

flotson the Sneak (Demonspawn Delver)                Turns: 101, Time: 00:01:25

Health: -5/18      AC:  3    Str: 12    XL:     1   Next: 16%
Magic:  1/1        EV: 11    Int: 11    God:
Gold:   0          SH:  0    Dex: 14    Spells: 0/0 levels left

rFire   . . .      SeeInvis .    a - +0 spear
rCold   . . .      Faith    .    (no shield)
rNeg    . . .      Spirit   .    b - +0 leather armour
rPois   .          Reflect  .    (no helmet)
rElec   .          Harm     .    (no cloak)
rCorr   .          Rampage  .    (no gloves)
Will    .....                    (no boots)
Stlth   ++........               (no amulet)
HPRegen 0.23/turn                (no ring)
MPRegen 0.07/turn                (no ring)

@: no status effects
A: no striking features
a: no special abilities


You were on level 5 of the Dungeon.
You visited 1 branch of the dungeon, and saw 1 of its levels.

Inventory:

Hand Weapons
 a - a +0 spear (weapon)
Armour
 b - a +0 leather armour (worn)
Wands
 g - a wand of digging (2)
Scrolls
 c - a scroll of fog
 e - a scroll of fear
Potions
 f - a potion of haste


   Skills:
 + Level 3.0 Fighting
 - Level 1.7 Polearms
 + Level 0.0 Armour
 + Level 1.8 Dodging
 - Level 4.5 Stealth
 + Level 0.1 Evocations


You couldn't memorise any spells.
You didn't know any spells.
Your spell library was empty.

Dungeon Overview and Level Annotations

Branches:
Dungeon (5/15)
 Temple: D:4-7

Altars:

Portals:
Sewer: D:5

Annotations:
D:5 Blork the orc


Message History

The giant cockroach bites you but does no damage.
The giant cockroach bites you. The quokka bites you.
Unknown command.
Your unstable footing causes you to fumble your attack.
The giant cockroach closely misses you.
The giant cockroach bites you but does no damage.
The quokka bites you but does no damage.
The giant cockroach completely misses you.
Unknown command.
You hit the giant cockroach.
You kill the giant cockroach!
The quokka bites you but does no damage.
The giant cockroach bites you. The quokka barely misses you.
Unknown command.
The quokka attacks as you move away! The quokka bites you.
Blork the orc shouts!
The quokka barely misses you. The quokka attacks as you move away!
The quokka splashes around in the water.
The giant cockroach attacks as you move away!
The giant cockroach splashes around in the water.
Found a stone staircase leading up.
A dart slug comes into view.
The quokka attacks as you move away!
The quokka splashes around in the water.
The quokka closely misses you. The quokka attacks as you move away!
The quokka closely misses you. The quokka attacks as you move away!
The quokka closely misses you.
Blork the orc hits you but does no damage.
Found a leather armour.
You hear the slow rusting of a drain.
The dart slug launches a dart at you. The slug dart misses you.
The dart slug launches a dart at you. The slug dart hits you.
* * * LOW HITPOINT WARNING * * *
Blork the orc screams, "I'll cover the dungeon with your blood!"
Blork the orc attacks as you move away! Blork the orc hits you with a +0 mace!
Ouch! That really hurt!
You die...

,,**,,**,*********,****,*
*<,,,,,
,***,,,,,,,,,,,,,,,,,**,*
*******
,***,,**,**,**,****,,**,*
,,,,,,,,,**,**,* *,,**,*
*****,*****,**,* *,,**,*
*****,* *,,,,,* *,,**,*
,,,,,,* *,,*#####*,,#*,**
** ,***,,*
#,,*#...##..##.,### *, ,*
*,,* #..##.o@..[.......#
*, ,***,**
#....r#########.#.# *,
,,,,,*
#w####.r~~~~~~~~..# *,
**,***
*,*.#..~~~~∩~~~~..# *,
**,*
***......B~~~~~~~~.#* *,
**,*
**,......#####.###### *,
**,* **,#...........####
*, **,*
*,*..<....[.......# **
**,***,*#....$..######.#


You could see Blork the orc, a dart slug and a quokka.

Vanquished Creatures
  A giant cockroach (D:5)
1 creature vanquished.

Notes
Turn   | Place    | Note
-------+----------+-------------------------------------------
     0 | D:5      | flotson the Demonspawn Delver began the quest for the Orb.
     0 | D:5      | Reached XP level 1. HP: 18/18 MP: 1/1
    79 | D:5      | Noticed Blork the orc
    81 | D:5      | Found a glowing drain.
   101 | D:5      | Slain by Blork the orc

Illustrated notes

Levels and vault maps discovered:
D:5:      layout_loops_ring, portal_sewer_entry_f, uniq_blork_the_orc

Action                   || total
-------------------------++-------
Melee: Spear             ||    10
Evoke: Wand              ||     1
  Use: Scroll            ||     1
Armor: Leather armour    ||    12
Dodge: Dodged            ||    19

Table legend: (Time is in decaauts)
 A = Elapsed time spent in this place.
 B = Non-inter-level travel time spent in this place.
 C = Inter-level travel time spent in this place.
 D = Time resting spent in this place.
 E = Time spent auto-exploring this place.
 F = Levels seen in this place.
 G = Mean time per level.
                   A        B        C        D        E       F      G
               +--------+--------+--------+--------+--------+-----+--------+
         Total |    103 |    103 |      0 |      0 |     42 |   1 |  103.0 |
       Dungeon |    103 |    103 |      0 |      0 |     42 |   1 |  103.0 |
               +--------+--------+--------+--------+--------+-----+--------+

Top non-repeatable levels by time:
     D:5: 103 daAuts
